AoeStats
← 04boyka12

Black Forest

508080100Analyzed
4v4 RM · 11d ago on Sep 20, 2026· 6m 20s· 8 players
Game mode
Random Map
Map size
Large (8 player)
Population
200
Speed
Normal
Resources
Standard
Victory
Conquest
Starting age
Dark Age
Ending age
Imperial Age
RankedLock teamsTeams togetherTeam positionsShared explorationLock speedFull tech treeHidden civsTurbo modeCheats
Victory
Defeat
🇬🇷 Bohemians · Greece
889
+12
🇬🇷 Japanese · Greece
867
+13
865
+13
🇬🇷 Khmer · Greece
858
+13
🇲🇽 Magyars · Mexico
839
-14
🇨🇱 Portuguese · Chile
817
-14
🇩🇪 Turks · Germany
783
-12
🇨🇱 Chinese · Chile
752
-11
matiassboss
0:31 Loom
_marcus_
1:01 Loom
PREDA_JUANK
0:44 Loom
04boyka12
0:34 Loom
andreas7487
0:33 Loom
makispapadopoulos7
0:27 Loom
giannispolukandriotis.4
0:39 Loom
diomidismav
0:27 Loom
Connection lost

Rejoining the realm…

Still unreachable

The connection could not be restored.

Session expired

The server has moved on; the page needs a fresh start.